 Dungeon Crawl Stone Soup version 0.23.2-40-g277498a001 (webtiles) character file.

Game seed: 691712212366294738

2249 MalarOregon the Stinger (level 9, -2/74 HPs)
             Began as a Yellow Draconian Venom Mage on Sept 10, 2019.
             Slain by Duvessa
             ... wielding a +0 short sword
              (10 damage)
             ... on level 7 of the Dungeon on Sept 11, 2019.
             The game lasted 00:17:34 (7817 turns).

MalarOregon the Stinger (DrVM)                      Turns: 7817, Time: 00:17:35

Health: -2/74      AC:  8    Str: 11    XL:     9   Next: 15%
Magic:  1/16       EV: 14    Int: 19    God:
Gold:   407        SH:  4    Dex: 11    Spells: 2/17 levels left

rFire    . . .     SeeInvis .   l - -1 whip (curse)
rCold    . . .     Gourm    .   q - +0 buckler
rNeg     . . .     Faith    .   (armour unavailable)
rPois    .         Spirit   .   v - +0 hat
rElec    .         Reflect  .   u - +0 cloak
rCorr    +         Harm     .   (no gloves)
MR       .....                  (no boots)
Stlth    ++........             (no amulet)
HPRegen  0.22/turn              (no ring)
MPRegen  0.15/turn              (no ring)

@: short of breath
A: spit acid, unfitting armour, cold-blooded, acid resistance, AC +7
a: Breathe Acid


You were on level 7 of the Dungeon.
You were not hungry.

You visited 2 branches of the dungeon, and saw 8 of its levels.

You collected 407 gold pieces.

Inventory:

Hand Weapons
 k - a +1 falchion of holy wrath
   (You found it on level 4 of the Dungeon)
 l - a cursed -1 whip (weapon)
   (You found it on level 4 of the Dungeon)
 m - a +4 whip of flaming
   (You took it off a kobold on level 3 of the Dungeon)
 p - a +1 dagger of venom
   (You took it off a kobold on level 3 of the Dungeon)
 r - a +3 hand axe of chopping
   (You took it off an orc on level 4 of the Dungeon)
 y - a +0 short sword of venom
   (You took it off an orc priest on level 6 of the Dungeon)
 B - a +0 flail of protection
   (You took it off a gnoll on level 6 of the Dungeon)
Armour
 q - a +0 buckler (worn)
   (You took it off a goblin on level 3 of the Dungeon)
 u - a +0 cloak (worn)
   (You took it off Crazy Yiuf on level 4 of the Dungeon)
 v - a +0 hat (worn)
   (You found it on level 5 of the Dungeon)
Scrolls
 f - a scroll of magic mapping
 t - a scroll of enchant armour
 C - a scroll of teleportation {@r4}
Potions
 a - 3 potions of might
 b - 4 potions of cancellation {unknown}
 c - a potion of heal wounds {unknown}
 d - 3 potions of flight
 g - 2 potions of curing {@q1}
 h - a potion of ambrosia {unknown}
 i - a potion of resistance {unknown}
 j - 2 potions of lignification {unknown}
 o - a potion of haste {@q3}
 w - a potion of mutation {!q}
 x - 2 potions of agility {unknown}
Comestibles
 e - 18 rations {!d}
 n - 2 chunks of flesh


   Skills:
 + Level 5.3 Fighting
 + Level 4.8 Dodging
 - Level 1.7 Stealth
 + Level 3.7 Shields
 + Level 4.9 Spellcasting
 + Level 4.9 Conjurations
 + Level 1.7 Ice Magic
 - Level 1.1 Air Magic
 + Level 5.8 Poison Magic


You had 2 spell levels left.
You knew the following spells:

 Your Spells              Type           Power        Failure   Level  Hunger
d - Freezing Cloud        Conj/Ice/Air   ##........   100%        6    #######
f - Mephitic Cloud        Conj/Pois/Air  ###.....     8%          3    ##.....
x - Poisonous Vapours     Pois/Air       ###...       4%          2    #......
y - Olgreb's Toxic Radia  Pois           ####....     12%         4    ####...

Your spell library contained the following spells:

 Spells                   Type           Power        Failure   Level  Hunger
 Sting                    Conj/Pois      ####         1%          1    None
 Throw Frost              Conj/Ice       ###...       4%          2    #......
 Freeze                   Ice            ##..         6%          1    None
 Conjure Flame            Conj/Fire      ##......     14%         3    ##.....
 Ozocubu's Armour         Chrm/Ice       #.......     26%         3    ##.....
 Throw Icicle             Conj/Ice       ###.....     32%         4    ####...
 Venom Bolt               Conj/Pois      ####......   36%         5    ######.
 Summon Ice Beast         Ice/Summ       #.......     65%         4    ####...
 Ring of Flames           Chrm/Fire      #.........   100%        7    #######


Dungeon Overview and Level Annotations

Branches:
Dungeon (7/15)             Temple (1/1) D:4

Altars:
Ashenzari
Cheibriados
Dithmenos
Fedhas
Hepliaklqana
Kikubaaqudgha
Makhleb
Okawaru
Qazlal
Ru
Sif Muna
Trog
Uskayaw
Vehumet
Wu Jian
Xom
Yredelemnul
Zin
The Shining One

Annotations:
D:6 2 transporters, bildradio's ghost, novice GrEE
D:7 exclusion: ice beast, Dowan; Duvessa


Innate Abilities, Weirdness & Mutations

You can spit globs of acid.
Your golden yellow scales are hard. (AC +7)
You cannot fit into any form of body armour.
You are cold-blooded and may be slowed by cold attacks.
You are resistant to acid. (rCorr)


Message History

You kill Prince Ribbit!
Prince Ribbit returns to his original shape as he dies.
Unknown command.
You butcher the human corpse of Prince Ribbit.
n - 3 chunks of flesh You see here the human skeleton of Prince Ribbit.
You hear the faint creaking of a very distant portcullis.
You see here the human skeleton of Prince Ribbit.
Eating one of 3 chunks of flesh.
You eat one of the 3 chunks of flesh.
Found a potion of might.
Found a stone staircase leading down.
Found 14 gold pieces.
You now have 407 gold pieces (gained 14).
a - 3 potions of might (gained 1)
Found a scale mail.
Duvessa and Dowan come into view.
Dowan shouts!
Duvessa shouts!
Dowan gestures at Duvessa while chanting.
Duvessa seems to speed up.
Unknown command.
Aim: Duvessa, wielding a +0 short sword and wearing a +0 scale mail (fast) Poisonous vapours surround Duvessa!
Duvessa is poisoned.
Duvessa hits you with a +0 short sword.
* * * LOW HITPOINT WARNING * * *
Duvessa is engulfed in poison gas.
Duvessa looks even sicker.
Duvessa hits you but does no damage.
Aim: Duvessa, wielding a +0 short sword and wearing a +0 scale mail (lightly wounded, fast, poisoned)
You spit a glob of acid.
The glob of acid misses Duvessa.
You feel somewhat more hungry. Duvessa hits you with a +0 short sword.
* * * LOW HITPOINT WARNING * * *
Aim: Duvessa, wielding a +0 short sword and wearing a +0 scale mail (lightly wounded, fast, poisoned) Poisonous vapours surround Duvessa!
Duvessa is engulfed in poison gas.
Duvessa looks even sicker.
Duvessa hits you but does no damage.
Duvessa is engulfed in poison gas.
Duvessa looks as sick as possible!
You block Duvessa's attack.
You don't know that spell.
Aim: Dowan, wielding a +0 dagger, wearing a +0 robe and carrying a wand of random effects (21) Poisonous vapours surround Dowan!
Duvessa hits you with a +0 short sword.
* * * LOW HITPOINT WARNING * * *
Dowan is poisoned.
Aim: Dowan, wielding a +0 dagger, wearing a +0 robe and carrying a wand of random effects (21) (poisoned) Poisonous vapours surround Dowan!
Duvessa hits you with a +0 short sword.
* * * LOW HITPOINT WARNING * * *
Dowan is engulfed in poison gas.
Dowan looks even sicker.
Duvessa hits you but does no damage.
Aim: Duvessa, wielding a +0 short sword and wearing a +0 scale mail (moderately wounded, fast, poisoned) Poisonous vapours surround Duvessa!
You hear the faint creaking of a very distant portcullis.
Duvessa is engulfed in poison gas.
Duvessa looks as sick as possible!
Duvessa hits you with a +0 short sword!
You die...

######## #......#
########### #......#
#.........# #......#
#.....[...###......#
#.........ee@......#
#..........##......#
#..........##......#
##.##.###..####..###### .
#.#..# #.## #......>#
....##.#.####.#####.......#
.e.e......................#
....##..###...............#
. #..###...#..###.......#


You could see Duvessa and Dowan.

Vanquished Creatures
  Prince Ribbit (D:7)
  Sigmund (D:3)
  A sky beast (D:6)
  An ice beast (D:6)
  An orc warrior (D:6)
  A black bear (D:6)
  2 ogres
  A wyvern skeleton (D:7)
  A water moccasin skeleton (D:4)
  2 killer bees
  3 crimson imps
  A bullfrog zombie (D:6)
  4 orc priests
  3 hounds
  2 bullfrog skeletons (D:6)
  3 orc wizards
  Crazy Yiuf (D:4)
  Jessica (D:2)
  3 iguanas
  Natasha (thrice) (D:2)
  4 worker ants
  2 hound skeletons
  Robin (D:2)
  15 adders
  4 gnolls (D:6)
  A shadow imp (D:3)
  An ooze (D:2)
  An adder zombie (D:6)
  2 worms (D:3)
  An adder skeleton (D:4)
  2 dart slugs (D:3)
  2 leopard geckos
  23 orcs
  7 ball pythons
  9 giant cockroaches
  21 goblins
  8 hobgoblins
  8 jackals
  3 quokkas
  A ball python skeleton (D:4)
  3 bats
  6 frilled lizards
  A jackal skeleton (D:4)
  13 kobolds
  A leopard gecko skeleton (D:4)
  A quokka skeleton (D:4)
  11 rats
188 creatures vanquished.

Vanquished Creatures (others)
  2 plants (D:6)
2 creatures vanquished.

Grand Total: 190 creatures vanquished

Notes
Turn   | Place    | Note
-------+----------+-------------------------------------------
     0 | D:1      | MalarOregon the Draconian Venom Mage began the quest for
                  | the Orb.
     0 | D:1      | Reached XP level 1. HP: 14/14 MP: 3/3
   445 | D:1      | Reached XP level 2. HP: 22/22 MP: 0/5
   467 | D:1      | Learned a level 2 spell: Poisonous Vapours
   704 | D:1      | Reached skill level 1 in Fighting
  1172 | D:1      | Reached XP level 3. HP: 28/28 MP: 3/6
  1285 | D:2      | Noticed Natasha
  1290 | D:2      | Killed Natasha
  1340 | D:2      | Noticed Robin
  1342 | D:2      | Killed Robin
  1357 | D:1      | Reached XP level 4. HP: 18/35 MP: 3/7
  1554 | D:2      | Noticed Jessica
  1565 | D:2      | Killed Jessica
  1850 | D:2      | Noticed Natasha
  2022 | D:2      | Killed Natasha
  2022 | D:2      | Reached XP level 5. HP: 36/41 MP: 0/9
  2213 | D:2      | Noticed Natasha
  2216 | D:2      | Killed Natasha
  2589 | D:3      | Found an ornate altar of the Wu Jian Council.
  2941 | D:3      | Learned a level 3 spell: Mephitic Cloud
  2946 | D:3      | Learned a level 4 spell: Olgreb's Toxic Radiance
  3148 | D:3      | Reached XP level 6. HP: 44/50 MP: 10/10
  3556 | D:3      | Noticed Sigmund
  3566 | D:3      | Killed Sigmund
  3832 | D:4      | Reached skill level 1 in Shields
  3859 | D:4      | Your scales start taking on a golden yellow colour.
  3859 | D:4      | Reached XP level 7. HP: 30/57 MP: 0/12
  3859 | D:4      | Gained mutation: You are resistant to acid. (rCorr) [Yellow
                  | Draconian growth]
  3976 | D:4      | Found a hazy altar of Hepliaklqana.
  4294 | D:4      | Found a staircase to the Ecumenical Temple.
  4841 | Temple   | Entered the Ecumenical Temple
  4950 | D:4      | Found a sacrificial altar of Ru.
  4988 | D:4      | Found a runed translucent door.
  4989 | D:4      | Noticed Crazy Yiuf
  5209 | D:4      | Found a glowing golden altar of the Shining One.
  5516 | D:4      | Killed Crazy Yiuf
  5628 | D:5      | Entered Level 5 of the Dungeon
  5677 | D:4      | Reached XP level 8. HP: 30/66 MP: 0/14
  6231 | D:6      | Reached skill level 5 in Poison Magic
  6285 | D:6      | Found a shimmering altar of Xom.
  6560 | D:6      | Found a shimmering altar of Xom.
  6563 | D:6      | Found a shimmering altar of Xom.
  6563 | D:6      | Found a shimmering altar of Xom.
  6564 | D:6      | Found a shimmering altar of Xom.
  6565 | D:6      | Found a shimmering altar of Xom.
  6572 | D:6      | Found a shimmering altar of Xom.
  6809 | D:6      | Learned a level 6 spell: Freezing Cloud
  6816 | D:6      | Found a shimmering altar of Xom.
  6991 | D:6      | Noticed bildradio's ghost (novice GrEE)
  7085 | D:6      | Found a transporter.
  7086 | D:6      | Identified the +9 ring mail of Dim Light {Str+6 Dex+3}
  7227 | D:6      | Reached skill level 1 in Air Magic
  7245 | D:6      | Found a transporter.
  7398 | D:6      | Reached skill level 5 in Fighting
  7398 | D:6      | Reached skill level 1 in Ice Magic
  7620 | D:7      | HP: 3/68 [wyvern skeleton (13)]
  7621 | D:7      | Reached XP level 9. HP: 4/74 MP: 12/16
  7755 | D:7      | Noticed Prince Ribbit
  7764 | D:7      | Killed Prince Ribbit
  7801 | D:7      | Noticed Duvessa
  7801 | D:7      | Noticed Dowan
  7817 | D:7      | Slain by Duvessa

Skill      XL: |  1  2  3  4  5  6  7  8 |
---------------+-------------------------+-----
Dodging        | 2 3 4 |  4.8
Fighting       | 1 2 3 4 5 |  5.3
Conjurations   | 2 3 4 |  4.9
Spellcasting   | 3 4 |  4.9
Poison Magic   | 4 5 |  5.8
Shields        | 1 2 3 |  3.7
Air Magic      | 1 |  1.1
Ice Magic      | 1 |  1.7
Stealth        | |  1.7

Action                   |  1- 3 |  4- 6 |  7- 9 || total
-------------------------+-------+-------+-------++-------
Melee: Unarmed           |    83 |       |       ||    83
       Tailslap          |     9 |    23 |    30 ||    62
       Mace              |    11 |    30 |       ||    41
       Dagger            |       |   169 |   333 ||   502
       Whip              |       |       |     2 ||     2
 Cast: Sting             |    20 |    19 |    77 ||   116
       Poisonous Vapours |     9 |    62 |    62 ||   133
       Olgreb's Toxic Ra |       |       |     5 ||     5
 Abil: Breathe Acid      |       |       |    10 ||    10
  Use: Scroll            |       |     9 |     6 ||    15
 Stab: Distracted        |       |     1 |       ||     1
       Sleeping          |       |       |     2 ||     2
  Eat: Chunk             |     2 |    12 |    18 ||    32
Armor: Skin              |    26 |    77 |   114 ||   217
Dodge: Dodged            |    68 |   188 |   211 ||   467
Block: Buckler           |       |     5 |    67 ||    72
